 Dungeon Crawl Stone Soup version 0.30.0 (webtiles) character file.

Game seed: 11983195879964305110

11 Dani the Trooper (level 2, 24/24 HPs)
             Began as a Demonspawn Fighter on May 21, 2023.
             Quit the game on level 1 of the Dungeon.
             The game lasted 00:00:31 (164 turns).

Dani the Trooper (Demonspawn Fighter)                Turns: 164, Time: 00:00:31

Health: 24/24      AC:  8    Str: 16    XL:     2   Next: 17%
Magic:  2/2        EV:  8    Int:  9    God:
Gold:   0          SH:  4    Dex: 12    Spells: 1/1 levels left

rFire   . . .        a - +0 war axe
rCold   . . .        c - +0 buckler
rNeg    . . .        b - +0 scale mail
rPois   .            (no helmet)
rElec   .            (no cloak)
rCorr   .            (no gloves)
SInv    .            (no boots)
Will    .....        (no amulet) Stlth
                     (no ring)
HPRegen 0.24/turn    (no ring)
MPRegen 0.08/turn

%: no passive effects
@: no status effects
A: thin metallic scales 1
a: no special abilities


You were on level 1 of the Dungeon.
You visited 1 branch of the dungeon, and saw 1 of its levels.

Inventory:

Hand Weapons
 a - a +0 war axe (weapon)
Armour
 b - a +0 scale mail (worn)
 c - a +0 buckler (worn)
Potions
 d - a potion of might


   Skills:
 - Level 3.0 Fighting
 + Level 2.6 Axes
 - Level 2.6 Armour
 - Level 2.6 Shields


You had one spell level left.
You didn't know any spells.
Your spell library was empty.

Dungeon Overview and Level Annotations

Branches:
Dungeon (1/15)

Altars:

Shops:
D:1 [!(


Innate Abilities, Weirdness & Mutations

You are partially covered in thin metallic scales. (AC +2)


Message History

A rat is nearby!
You barely miss the rat. The rat barely misses you. x2
A rat is nearby!
You closely miss the rat. The rat barely misses you.
A rat is nearby!
You hit the rat.
The rat is moderately wounded.
The rat barely misses you. The rat bites you.
A rat is nearby!
You hit the rat but do no damage. The rat bites you.
A rat is nearby!
A rat is nearby!
You hit the rat.
You kill the rat!
Key pressed, stopping explore.
No target in view!
You open the door.
Found Odash's Distillery.
No target in view!
There is an open door here.
Key pressed, stopping explore.
No target in view!
Key pressed, stopping explore.
No target in view!
No target in view!
Key pressed, stopping explore.
Key pressed, stopping explore.
No target in view!
There is an entrance to Odash's Distillery here.
You can access your shopping list by pressing '$'.
There is a fountain of clear blue water here.
You open the door.
There is an open door here.
Key pressed, stopping explore.
Key pressed, stopping explore.
Key pressed, stopping explore.
Key pressed, stopping explore.
A kobold and a goblin come into view.
The kobold is wielding a +2 dagger of venom.
The kobold shouts!
The goblin shouts!
The kobold throws a stone.
The stone closely misses you.
There are monsters nearby!
There are monsters nearby!
There are monsters nearby!
There are monsters nearby!
A goblin comes into view. It is wielding a +0 club.
The goblin shouts!
A bat comes into view.
The kobold closely misses you.
You slash the kobold!
You kill the kobold!
You slash the goblin!
You kill the goblin!
You hit the goblin.
You kill the goblin!
You have reached level 2!
Your demonic ancestry asserts itself...
Thin metallic scales grow over part of your body.
Things that are here:
a +2 dagger of venom; 4 stones; a kobold corpse You open the door.
You see here a +0 club.
Found 9 stones.
You open the door.
There is an open door here.
You open the door.
A dart slug comes into view.
The dart slug launches a dart at you.
The slug dart hits you but does no damage.
A dart slug is nearby!
A dart slug is nearby!
A dart slug is nearby!
A dart slug is nearby!
You hit the dart slug.
The dart slug is moderately wounded.
The dart slug bites you but does no damage.
You hit the dart slug but do no damage.
The dart slug is moderately wounded.
The dart slug bites you but does no damage.
A dart slug is nearby!
You slash the dart slug!
You kill the dart slug!
Key pressed, stopping explore.
No target in view!
Key pressed, stopping explore.
No target in view!
Found a leather armour.
No target in view!
Found a dagger.
Found a dagger.
You open the door.
There is an open door here.
You open the door.
Key pressed, stopping explore.
There is an open door here.
You open the door.
Found Vihib's Armour Emporium.
There is an open door here.
There is an entrance to Vihib's Armour Emporium here.
Are you sure you want to abandon this character and quit the game? (Confirm with "yes".)

#.# #.⌠.⌠..'.
#.#######...###.
####.##....#.####..
###..).##.#..#+#..#..
#..).)....#.......#..
#...#'#....##.....##..
#..8#+#8...##.....####
#.###+###..#.......#
#. +@+''........^.#
#.# #'###.#..........
#..8#'#8.............
#...#'#......#..(..##
#[......##........#
####..###..##....##
#..###.## #.....
##.....# .....
##....)... #.


There were no monsters in sight!

Vanquished Creatures
  A dart slug (D:1)
  2 goblins (D:1)
  2 kobolds (D:1)
  A quokka (D:1)
  A bat (D:1)
  A frilled lizard (D:1)
  2 rats (D:1)
10 creatures vanquished.

Notes
Turn   | Place    | Note
-------+----------+-------------------------------------------
     0 | D:1      | Dani the Demonspawn Fighter began the quest for the Orb.
     0 | D:1      | Reached XP level 1. HP: 18/18 MP: 1/1
    17 | D:1      | Reached skill level 2 in Axes
    38 | D:1      | Found Dad Lue's Antique Weapon Boutique.
    77 | D:1      | Found Odash's Distillery.
   118 | D:1      | Gained mutation: You are partially covered in thin metallic
                  | scales. (AC +2) [demonic ancestry]
   118 | D:1      | Reached XP level 2. HP: 24/24 MP: 2/2
   161 | D:1      | Found Vihib's Armour Emporium.
   164 | D:1      | Quit the game

Illustrated notes

Levels and vault maps discovered:
D:1:      scummos_arrival_star, layout_rooms, serial_shops,
          nicolae_shop_tiny_statue_garden, nicolae_shop_rolling_square,
          nicolae_shop_real_fake_doors, nicolae_shop_rolling_square,
          feat_on_display

Skill      XL: |  1 |
---------------+----+-----
Axes           | 2 |  2.6
Fighting       | |  3.0
Armour         | |  2.6
Shields        | |  2.6

Action                     || total
---------------------------++-------
  Melee: War axe           ||    22
 Armour: Scale mail        ||     7
  Dodge: Dodged            ||    14
  Block: Buckler           ||     4

Levels and vault maps discovered:
D:1:      scummos_arrival_star, layout_rooms, serial_shops,
          nicolae_shop_tiny_statue_garden, nicolae_shop_rolling_square,
          nicolae_shop_real_fake_doors, nicolae_shop_rolling_square,
          feat_on_display

Table legend: (Time is in decaauts)
 A = Elapsed time spent in this place.
 B = Non-inter-level travel time spent in this place.
 C = Inter-level travel time spent in this place.
 D = Time resting spent in this place.
 E = Time spent auto-exploring this place.
 F = Levels seen in this place.
 G = Mean time per level.
                   A        B        C        D        E       F      G
               +--------+--------+--------+--------+--------+-----+--------+
         Total |    173 |    173 |      0 |      0 |    118 |   1 |  173.0 |
       Dungeon |    173 |    173 |      0 |      0 |    118 |   1 |  173.0 |
               +--------+--------+--------+--------+--------+-----+--------+

Top non-repeatable levels by time:
     D:1: 173 daAuts

Table legend:
 A = Kills in this place as a percentage of kills in the entire game.
 B = Kills by you in this place as a percentage of kills by you in the entire game.
 C = Kills by friends in this place as a percentage of kills by friends in the entire game.
 D = Other kills in this place as a percentage of other kills in the entire game.
 E = Experience gained in this place as a percentage of experience gained in the entire game.
 F = Experience gained in this place divided by the number of levels of this place that you have seen.
                   A       B       C       D       E      F
               +-------+-------+-------+-------+-------+----------------------
         Total | 100.0 | 100.0 |   N/A |   N/A | 100.0 |  17.0
       Dungeon | 100.0 | 100.0 |   N/A |   N/A | 100.0 |  17.0
               +-------+-------+-------+-------+-------+----------------------
